 Dungeon Sprint DCSS version 0.29-a0-320-g9f8742066b (webtiles) character file.

Game seed: 16009407841745430717

52404 mhtbhm the Phalangite (level 14, -24/148 (163) HPs)
             Began as a Minotaur Fighter on Apr 2, 2022.
             Was an Initiate of Gozag.
             Killed from afar by a vampire mage (34 damage)
             ... with a bolt of negative energy
             ... in the Dungeon (Sprint IX: "|||||||||||||||||||||||||||||").
             The game lasted 00:12:57 (9305 turns).

mhtbhm the Phalangite (Minotaur Fighter)            Turns: 9305, Time: 00:12:57

HP:   -24/148 (163) AC: 31    Str: 26    XL:     14   Next: 27%
MP:   13/13         EV: 12    Int:  5    God:    Gozag
Gold: 5159          SH: 13    Dex: 10    Spells: 13/13 levels left

rFire   + . .      SeeInvis .   a - +0 demon trident (vorpal)
rCold   + . .      Faith    .   c - +0 kite shield
rNeg    . . .      Spirit   .   b - +2 chain mail {rF+}
rPois   .          Reflect  .   w - +2 hat
rElec   .          Harm     .   n - +2 cloak {Will+}
rCorr   .          Rampage  .   D - +1 pair of gloves
Will    ++...      NoTele   +   C - +1 pair of boots
Stlth   +.........              (no amulet)
HPRegen 0.34/turn               o - +2 ring of protection
MPRegen 0.13/turn               B - ring of protection from cold

@: mighty, brilliant, gold aura, on berserk cooldown, drained
A: horns 2, retaliatory headbutt
a: Renounce Religion, Potion Petition, Call Merchant, Bribe Branch


You were in the Dungeon.
You worshipped Gozag.
Gozag was greatly pleased with you.
You visited 1 branch You collected 14442 gold pieces.
You spent 1949 gold pieces at shops.
You paid 7334 gold pieces to Gozag.

Inventory:

Hand Weapons
 a - a +0 vorpal demon trident (weapon)
 l - a +3 double sword of holy wrath
Missiles
 v - 3 curare-tipped darts (quivered)
Armour
 b - a +2 chain mail of fire resistance (worn)
 c - a +0 kite shield (worn)
 n - a +2 cloak of willpower (worn)
 u - +0 storm dragon scales
 w - a +2 hat (worn)
 C - a +1 pair of boots (worn)
 D - a +1 pair of gloves (worn)
Jewellery
 o - a +2 ring of protection (left hand)
 p - a +3 ring of strength
 y - a ring of protection from fire
 z - a ring of protection from cold
 A - a ring of willpower
 B - a ring of protection from cold (right hand)
Wands
 x - a wand of polymorph (2)
Scrolls
 j - a scroll of blinking
 r - 6 scrolls of enchant armour
 s - a scroll of identify
 t - 6 scrolls of enchant weapon
Potions
 d - a potion of might
 e - 2 potions of curing
 f - a potion of attraction {unknown}
 g - 2 potions of haste
 h - 4 potions of magic
 i - a potion of berserk rage
 k - a potion of invisibility
 q - 2 potions of brilliance
 E - a potion of heal wounds
 F - 2 potions of mutation


   Skills:
 + Level 25.7 Fighting
 + Level 25.7 Polearms
 + Level 20.3 Armour
 + Level 12.3 Dodging
 + Level 8.2 Stealth
 + Level 15.6 Shields
 + Level 5.3 Evocations


You had 13 spell levels left.
You didn't know any spells.
Your spell library was empty.

Dungeon Overview and Level Annotations

Branches:
Dungeon (1/1)

Altars:
Cheibriados
Dithmenos
Elyvilon
Fedhas
Gozag
Hepliaklqana
Kikubaaqudgha
Makhleb
Nemelex Xobeh
Okawaru
Qazlal
Ru
Sif Muna
Trog
Uskayaw
Vehumet
Wu Jian
Xom
Yredelemnul
Zin
The Shining One
Beogh
Jiyva
Lugonu

Shops:
D (([[(((*:


Innate Abilities, Weirdness & Mutations

You have a pair of horns on your head.
You reflexively headbutt those who attack you in melee.


Message History

The vampire mage is no longer distracted by gold.
The vampire mage gestures at you while chanting.
The bolt of negative energy hits you.
You feel drained.
* * * LOW HITPOINT WARNING * * *
Things that are here:
225 gold pieces; a +0 great mace; a +0 leather armour Unknown command.
The vampire mage hits you but does no damage.
The vampire mage closely misses you.
Unknown command.
Okay, then.
Okay, then. [a] - 464 gold - heal wounds, curing, might and brilliance [b] - 192 gold - heal wounds and curing [c] - 690 gold - heal wounds, magic, lignification, might and resistance Purchase which effect?
You feel much better.
You feel better.
You feel very mighty all of a sudden.
You feel clever all of a sudden. You block the vampire mage's attack. x2
You spit the vampire mage like a pig!!! Your headbutt misses the vampire mage.
The vampire mage is severely damaged.
The vampire mage draws life force from you!
* * * LOW HITPOINT WARNING * * *
The vampire mage is healed by the life force!
Unknown command.
You closely miss the vampire mage. Your headbutt misses the vampire mage.
The vampire mage is heavily damaged.
You hit the vampire mage. Your headbutt misses the vampire mage.
The vampire mage is severely damaged.
The vampire mage casts a spell at you. The bolt of negative energy hits you!!
You feel drained.
* * * LOW HITPOINT WARNING * * *
Unknown command.
Unknown command.
You puncture the vampire mage! Your headbutt misses the vampire mage.
The vampire mage is almost destroyed.
The vampire mage casts a spell at you. The bolt of negative energy hits you!!
You feel drained.
You die...
Your body crumbles into a pile of gold.

,*,*,*,*,*,*,*,*,▓.▓.▓)▓[▓.▓[▓)▓'
,*,*,*,*,*,*,*,▓.▓.▓.▓.▓.▓.▓[▓.▓.
,*,*,*,*,*,*,*,▓.▓.▓.▓.▓[▓.▓[▓.▓.
,*,*,*,*,*,*,*,▓.▓.▓.▓.▓[▓.▓[▓.▓.
,*,*,*,*,*,*,*,▓.▓.▓.▓.▓[▓.▓)▓.▓.
,*,*,*,*,*,*,*,▓.▓.▓)▓.▓[▓.▓.▓.▓.
,*,*,*,*,*,*,*,▓.▓.▓'▓.▓.▓.▓.▓.▓.
,*,*,*,*,*,*,*,▓V▓.▓.▓.▓[▓.▓.▓.▓.
,*,*,*,*,*,*,*,▓@▓.▓.▓.▓.▓.▓.▓.▓.
,*,*,*,*,*,*,*,▓$▓.▓.▓.▓)▓.▓)▓.▓.
,*,*,*,*+*,*,*,▓$▓.▓.▓.▓)▓.▓.▓.▓'
,*,*,*,*,*,*,*,▓$▓.▓)▓.▓)▓.▓)▓.▓.
,*,*,*,*,*,*,*,▓.▓.▓)▓.▓)▓.▓.▓.▓=
,*,*,*,*,*,*,*,▓$▓.▓.▓.▓)▓.▓)▓.▓.
,*,*,*,*,*,*,*,▓$▓.▓.▓.▓)▓.▓)▓.▓.
,*,*,*,*,*,*,*,▓.▓.▓.▓.▓)▓.▓)▓.▓.
,*,*,*,*,*,*,*,▓.▓.▓'▓.▓)▓.▓)▓.▓.


You could see a vampire mage.

Vanquished Creatures
  A quicksilver dragon (D)
  Gastronok (D)
  Donald (D)
  A nagaraja (D)
  A fire giant (D)
  Aizul (D)
  2 stone giants (D)
  3 very ugly things (D)
  An entropy weaver (D)
  A fire dragon (D)
  A merfolk impaler (D)
  A salamander tyrant (D)
  3 ice dragons (D)
  A boulder beetle (D)
  2 hydras (D)
  3 rakshasas (D)
  A ghost crab (D)
  4 ogre magi (D)
  A radroach (D)
  Erica (D)
  An alligator (D)
  A satyr (D)
  2 tengu warriors (D)
  A two-headed ogre (D)
  A deep troll shaman (D)
  A death knight (D)
  A naga sharpshooter (D)
  Sonja (D)
  2 hell knights (D)
  Nergalle (D)
  2 pharaoh ants (D)
  A salamander mystic (D)
  A sea snake (D)
  A flayed ghost (D)
  An orb spider (D)
  A naga ritualist (D)
  A swamp dragon (D)
  4 deep trolls (D)
  3 bog bodies (D)
  3 lindwurms (D)
  3 orc knights (D)
  An ugly thing (D)
  2 wolf spiders (D)
  A cyclops (D)
  2 will-o-the-wisps (D)
  A manticore (D)
  3 water nymphs (D)
  A guardian serpent (D)
  2 naga magi (D)
  4 cane toads (D)
  A gargoyle (D)
  A yaktaur (D)
  A rime drake (D)
  5 trolls (D)
  A merfolk (D)
  A meliai (D)
  A wind drake (D)
  4 tyrant leeches (D)
  A blink frog (D)
  A culicivora (D)
  A slime creature (D)
  5 yaks (D)
  A shadow (D)
  A wraith (D)
  2 wyverns (D)
  Grum (D)
  4 basilisks (D)
  A floating eye (D)
  11 orc warriors (D)
  4 wolves (D)
  A centaur (D)
  2 bullfrogs (D)
  A killer bee (D)
  A howler monkey (D)
  3 hounds (D)
  An orc priest (D)
  2 orc wizards (D)
  A white imp (D)
  2 worms (D)
  An adder simulacrum (D)
  8 orcs (D)
  A bat (D)
  A jackal (D)
  A kobold (D)
  2 frilled lizards (D)
  A rat (D)
158 creatures vanquished.

Vanquished Creatures (others)
  A guardian serpent (D)
  3 foxfires (D)
4 creatures vanquished.

Grand Total: 162 creatures vanquished

Notes
Turn   | Place    | Note
-------+----------+-------------------------------------------
     0 | D        | mhtbhm the Minotaur Fighter began the quest for the Orb.
     0 | D        | Reached XP level 1. HP: 19/19 MP: 0/0
    17 | D        | Noticed a hound
    17 | D        | Noticed a hound
    17 | D        | Noticed a hound
    21 | D        | Killed a hound
    22 | D        | Reached skill level 5 in Fighting
    22 | D        | Reached skill level 5 in Armour
    22 | D        | Reached skill level 5 in Shields
    22 | D        | Reached XP level 2. HP: 29/30 MP: 1/1
    22 | D        | Reached XP level 3. HP: 35/37 MP: 2/2
    28 | D        | Reached XP level 4. HP: 36/45 MP: 3/3
   161 | D        | Found a snail-covered altar of Cheibriados.
   161 | D        | Found a shadowy altar of Dithmenos.
   161 | D        | Found a white marble altar of Elyvilon.
   161 | D        | Found a blossoming altar of Fedhas.
   161 | D        | Found an opulent altar of Gozag.
   162 | D        | Found a hazy altar of Hepliaklqana.
   163 | D        | Found a viscous altar of Jiyva.
   164 | D        | Found an ancient bone altar of Kikubaaqudgha.
   165 | D        | Found a corrupted altar of Lugonu.
   166 | D        | Found a burning altar of Makhleb.
   167 | D        | Found a sparkling altar of Nemelex Xobeh.
   168 | D        | Found an iron altar of Okawaru.
   169 | D        | Found a stormy altar of Qazlal.
   170 | D        | Found a sacrificial altar of Ru.
   171 | D        | Found a shimmering blue altar of Sif Muna.
   172 | D        | Found a bloodstained altar of Trog.
   173 | D        | Found a hide-covered altar of Uskayaw.
   174 | D        | Found a radiant altar of Vehumet.
   175 | D        | Found an ornate altar of the Wu Jian Council.
   183 | D        | Became a worshipper of Gozag Ym Sagoz the Greedy
   191 | D        | Found a shimmering altar of Xom.
   192 | D        | Found a basalt altar of Yredelemnul.
   193 | D        | Found a glowing silver altar of Zin.
   194 | D        | Found a glowing golden altar of the Shining One.
   250 | D        | Noticed a yak
   250 | D        | Noticed a two-headed ogre
   250 | D        | Noticed a shadow
   250 | D        | Noticed a wraith
   250 | D        | Noticed a yak
   253 | D        | Killed a yak
   254 | D        | Reached skill level 1 in Dodging
   254 | D        | Reached XP level 5. HP: 47/56 MP: 4/4
   260 | D        | Killed a wraith
   261 | D        | Reached XP level 6. HP: 11/66 MP: 5/5
   268 | D        | Killed a shadow
   269 | D        | Reached skill level 10 in Fighting
   269 | D        | Reached skill level 10 in Armour
   269 | D        | Reached XP level 7. HP: 71/72 MP: 6/6
   273 | D        | Killed a two-headed ogre
   274 | D        | Reached skill level 10 in Polearms
   274 | D        | Reached skill level 1 in Stealth
   274 | D        | Reached skill level 10 in Shields
   274 | D        | Reached XP level 8. HP: 23/82 MP: 7/7
   572 | D        | Noticed a troll
   572 | D        | Noticed a cyan ugly thing
   572 | D        | Noticed a gargoyle
   572 | D        | Noticed a meliai
   575 | D        | Killed a meliai
   584 | D        | Killed a cyan ugly thing
   590 | D        | Killed a gargoyle
   591 | D        | Reached XP level 9. HP: 37/93 MP: 8/8
   599 | D        | Killed a troll
   600 | D        | Reached skill level 5 in Dodging
   916 | D        | Noticed a rime drake
   916 | D        | Noticed a cane toad
   922 | D        | Killed a cane toad
   927 | D        | Noticed a cane toad
   931 | D        | Killed a rime drake
   937 | D        | Reached skill level 15 in Polearms
   941 | D        | Killed a cane toad
   942 | D        | Reached XP level 10. HP: 64/104 MP: 9/9
  1087 | D        | Noticed a cane toad
  1097 | D        | Killed a cane toad
  1111 | D        | Noticed a cane toad
  1119 | D        | Killed a cane toad
  1120 | D        | Reached skill level 15 in Fighting
  1363 | D        | Noticed a lindwurm
  1363 | D        | Noticed a lindwurm
  1363 | D        | Noticed a lindwurm
  1366 | D        | Killed a lindwurm
  1371 | D        | Killed a lindwurm
  1840 | D        | Killed a lindwurm
  2241 | D        | Noticed Gastronok
  2246 | D        | Noticed Sonja
  2254 | D        | Killed Gastronok
  2255 | D        | Reached XP level 11. HP: 72/117 MP: 10/10
  2266 | D        | Killed Sonja
  2698 | D        | Noticed an orc knight
  2712 | D        | Killed an orc knight
  2717 | D        | Noticed an orc knight
  2721 | D        | Reached skill level 1 in Evocations
  2723 | D        | Noticed a stone giant
  2743 | D        | Killed a stone giant
  2744 | D        | Reached skill level 5 in Stealth
  2750 | D        | Killed an orc knight
  3017 | D        | Found Unauh's Book Boutique.
  3017 | D        | Noticed a stone giant
  3017 | D        | Noticed an ogre mage
  3017 | D        | Noticed an ogre mage
  3017 | D        | Noticed a deep troll
  3020 | D        | Killed a deep troll
  3025 | D        | Killed an ogre mage
  3026 | D        | Reached skill level 15 in Armour
  3030 | D        | Found Wufikhlie's Assorted Antiques.
  3036 | D        | Noticed an ogre mage
  3037 | D        | Killed a stone giant
  3051 | D        | Paralysed by something for 3 turns
  3059 | D        | Killed an ogre mage
  3576 | D        | Killed an ogre mage
  3577 | D        | Reached XP level 12. HP: 113/132 MP: 11/11
  3649 | D        | Found Morofof's Weapon Boutique.
  3653 | D        | Found Efugaditz's Antique Weapon Shop.
  3657 | D        | Noticed an ogre mage
  3675 | D        | Killed an ogre mage
  3881 | D        | Bought a scroll labelled SIEQIL PUETUKH for 18 gold pieces
  3881 | D        | Bought a potion of haste for 180 gold pieces
  3881 | D        | Bought a scroll labelled XAXUPR QO LEN for 18 gold pieces
  3881 | D        | Bought a scroll labelled SIEQIL PUETUKH for 18 gold pieces
  3881 | D        | Bought a potion of haste for 180 gold pieces
  3881 | D        | Bought a gold wand for 72 gold pieces
  4099 | D        | Bought a runed chain mail for 277 gold pieces
  4108 | D        | Bought a runed cloak for 217 gold pieces
  4108 | D        | Bought a tattered robe for 165 gold pieces
  4108 | D        | Identified the +0 robe of Voeru {MP+9} (You bought it in a
                  | shop in the Dungeon)
  4108 | D        | Bought a polished scale mail for 261 gold pieces
  4108 | D        | Identified the +4 scale mail "Vosysop" {rElec} (You bought
                  | it in a shop in the Dungeon)
  4153 | D        | Bought a +6 trident of venom for 543 gold pieces
  4167 | D        | Noticed a death knight
  4167 | D        | Noticed an eight-headed hydra
  4173 | D        | Killed an eight-headed hydra
  4201 | D        | Killed a death knight
  4234 | D        | Noticed a rakshasa
  4253 | D        | Killed a rakshasa
  4254 | D        | Noticed an ice dragon
  4293 | D        | Killed an ice dragon
  4294 | D        | Reached skill level 10 in Dodging
  4478 | D        | Paralysed by a floating eye for 2 turns
  4572 | D        | Noticed a cyan very ugly thing
  4588 | D        | Killed a cyan very ugly thing
  4738 | D        | Noticed a cyan very ugly thing
  4750 | D        | Killed a cyan very ugly thing
  5071 | D        | Noticed Grum
  5077 | D        | Killed Grum
  5108 | D        | Noticed Nessos
  5120 | D        | Noticed Nessos
  5120 | D        | Nessos changed into Nessos the water nymph
  5126 | D        | HP: 6/137 [poisoned by Nessos]
  5134 | D        | Killed Nessos the water nymph
  5412 | D        | Noticed Aizul
  5430 | D        | Killed Aizul
  5748 | D        | Noticed a salamander tyrant
  5748 | D        | Noticed a nagaraja
  6281 | D        | Killed a nagaraja
  6282 | D        | Reached XP level 13. HP: 25/145 MP: 12/12
  7776 | D        | Noticed a merfolk impaler
  7791 | D        | Killed a merfolk impaler
  8367 | D        | Noticed an entropy weaver
  8372 | D        | Killed an entropy weaver
  8378 | D        | Reached skill level 5 in Evocations
  9068 | D        | Noticed Erica
  9077 | D        | Killed Erica
  9091 | D        | Noticed Donald
  9105 | D        | Killed Donald
  9109 | D        | Noticed Nergalle
  9123 | D        | Killed Nergalle
  9213 | D        | Noticed a fire dragon
  9213 | D        | Noticed a red very ugly thing
  9224 | D        | Killed a red very ugly thing
  9230 | D        | Killed a fire dragon
  9231 | D        | Reached XP level 14. HP: 102/160 MP: 13/13
  9241 | D        | Noticed a fire giant
  9256 | D        | Reached skill level 15 in Shields
  9281 | D        | Killed a fire giant
  9282 | D        | Noticed a quicksilver dragon
  9298 | D        | Killed a quicksilver dragon
  9305 | D        | Killed from afar by a vampire mage

Illustrated notes

Levels and vault maps discovered:
D:        linesprint [early_d, line_temple, items_1, d_10, items_2, lair_1,
          lair_end, items_3, orc_1, orc_end, items_4, d_15, swamp_1, shoals_1,
          snake_1, spider_1, d_20, vaults_1, items_5, swamp_end, shoals_end,
          snake_end, spider_end, vaults_end, d_27, items_6, zot_1, zot_end,
          crypt_end, forest_end, elf_end, slime_end, tomb_end, abyss_end,
          pan_hell_end]

Skill      XL: |  1  2  3  4  5  6  7  8  9 10 11 12 13 14 |
---------------+-------------------------------------------+-----
Fighting       | 5 6 8 9 10 11 13 14 17 19 22 24 25 | 25.7
Armour         | 5 6 8 9 10 11 12 13 14 15 17 20 | 20.3
Shields        | 5 6 8 9 10 11 12 14 15 | 15.6
Polearms       | 3 6 7 8 10 12 15 18 20 22 25 | 25.7
Dodging        | 1 2 3 4 6 8 9 10 11 12 | 12.3
Stealth        | 1 2 4 6 7 8 |  8.2
Evocations     | 2 4 5 |  5.3

Action                   |  1- 3 |  4- 6 |  7- 9 | 10-12 | 13-15 || total
-------------------------+-------+-------+-------+-------+-------++-------
Melee: Trident           |    17 |    10 |       |    78 |       ||   105
       Headbutt          |     5 |     3 |     9 |    73 |    78 ||   168
       Halberd           |       |    14 |    62 |   229 |       ||   305
       Demon trident     |       |       |       |    61 |   315 ||   376
Invok: Potion Petition   |       |       |     1 |     3 |     3 ||     7
       Call Merchant     |       |       |       |     5 |       ||     5
Evoke: Wand              |       |       |       |    11 |     2 ||    13
  Use: Potion            |       |     4 |       |    11 |     2 ||    17
       Scroll            |       |       |       |     2 |     3 ||     5
 Stab: Sleeping          |       |       |       |     1 |       ||     1
       Distracted        |       |       |       |     5 |     2 ||     7
Armor: Scale mail        |     4 |     3 |       |       |       ||     7
       Ring mail         |       |     4 |    11 |    38 |       ||    53
       Chain mail        |       |       |       |    49 |   116 ||   165
Dodge: Dodged            |    10 |    16 |    21 |   108 |    64 ||   219
Block: Buckler           |     2 |     1 |       |    17 |    38 ||    58
       Kite shield       |       |       |       |       |    24 ||    24

Table legend: (Time is in decaauts)
 A = Elapsed time spent in this place.
 B = Non-inter-level travel time spent in this place.
 C = Inter-level travel time spent in this place.
 D = Time resting spent in this place.
 E = Time spent auto-exploring this place.
 F = Levels seen in this place.
 G = Mean time per level.
                   A        B        C        D        E       F      G
               +--------+--------+--------+--------+--------+-----+--------+
         Total |   9088 |   9088 |      0 |   3909 |   2773 |   1 | 9088.0 |
       Dungeon |   9088 |   9088 |      0 |   3909 |   2773 |   1 | 9088.0 |
               +--------+--------+--------+--------+--------+-----+--------+

Top non-repeatable levels by time:
       D: 9088 daAuts
